 Dungeon Crawl Stone Soup version 0.29.0-11-gd7f09526c8 (webtiles) character file.

Game seed: 1819421351236331383

902 LynnLen the Magician (level 7, -3/32 HPs)
             Began as a Spriggan Conjurer on Sept 1, 2022.
             Engulfed by a steam dragon's steam (6 damage)
             ... on level 5 of the Dungeon on Sept 4, 2022.
             The game lasted 00:22:00 (6811 turns).

LynnLen the Magician (Spriggan Conjurer)            Turns: 6811, Time: 00:22:00

Health: -3/32      AC:  2    Str:  3    XL:     7   Next: 80%
Magic:  16/19      EV: 17    Int: 28    God:
Gold:   212        SH:  5    Dex: 13    Spells: 14/21 levels left

rFire   . . .      SeeInvis +   o - +8 dagger of Valuable Assets {vorpal, Contam rElec rPois rCorr}
rCold   . . .      Faith    .   (no shield)
rNeg    . . .      Spirit   .   a - +0 robe
rPois   +          Reflect  +   (helmet restricted)
rElec   +          Harm     .   (no cloak)
rCorr   +          Rampage  .   (gloves unavailable)
Will    +....                   (boots unavailable)
Stlth   ++........              n - amulet of reflection
HPRegen 0.10/turn               g - ring of poison resistance
MPRegen 0.16/turn               j - +6 ring of intelligence

@: very quick
A: very small, no large weapons, unfitting armour, see invisible, speed 3
a: no special abilities


You were on level 5 of the Dungeon.
You visited 2 branches of the dungeon, and saw 8 of its levels.
You also visited: Sewer.

You collected 212 gold pieces.

Inventory:

Hand Weapons
 o - the +8 dagger of Valuable Assets (weapon) {vorpal, Contam rElec rPois rCorr}
   (You found it on level 3 of the Dungeon)

   It inflicts extra damage upon your enemies.
   rElec:     It insulates you from electricity.
   rPois:     It protects you from poison.
   Contam:    It causes magical contamination when unequipped.
   rCorr:     It protects you from acid and corrosion.
Missiles
 d - 54 stones
Armour
 a - a +0 robe (worn)
Jewellery
 g - a ring of poison resistance (left hand)
 j - a +6 ring of intelligence (right hand)
 m - a ring of resist corrosion
 n - an amulet of reflection (around neck)
 B - a ring of wizardry
 D - an amulet of guardian spirit
Wands
 G - a wand of acid (8)
Scrolls
 b - 2 scrolls of immolation {unknown}
 e - a scroll of torment {unknown}
 f - a scroll of poison
 h - 2 scrolls of teleportation {unknown}
 k - a scroll of enchant weapon {unknown}
 l - a scroll of brand weapon {unknown}
 s - a scroll of noise {unknown}
 w - a scroll of blinking {unknown}
 y - a scroll of vulnerability {unknown}
 z - a scroll of fear {unknown}
 C - a scroll of fog {unknown}
 F - a scroll of enchant armour {unknown}
Potions
 c - 2 potions of brilliance
 i - 3 potions of curing
 p - a potion of invisibility {unknown}
 q - a potion of flight {unknown}
 r - 3 potions of might
 t - 2 potions of resistance {unknown}
 u - 2 potions of heal wounds {unknown}
 v - 2 potions of berserk rage
 x - a potion of magic
 A - a potion of haste {unknown}
 E - a potion of lignification {unknown}


   Skills:
 - Level 2.6 Dodging
 - Level 3.0 Stealth
 + Level 7.5 Spellcasting
 + Level 5.4 Conjurations
 + Level 3.3 Hexes


You had 14 spell levels left.
You knew the following spells:

 Your Spells              Type           Power      Damage    Failure   Level
a - Magic Dart            Conj           100%       1d8       1%          1
b - Searing Ray           Conj           82%        2d7       1%          2
c - Fulminant Prism       Conj/Hex       17%        3d11      9%          4

Your spell library contained the following spells:

 Spells                   Type           Power      Damage    Failure   Level
 Static Discharge         Conj/Air       25%        3-7/arc   2%          2
 Dazzling Flash           Conj/Hex       70%        N/A       2%          3
 Iskenderun's Mystic Bla  Conj/Tloc      25%        2d7       17%         4
 Sticky Flame             Conj/Fire      25%        2d5       17%         4
 Dispel Undead            Necr           10%        3d9       45%         4


Dungeon Overview and Level Annotations

Branches:
Dungeon (7/15)             Temple (1/1) D:4           Sewer (visited)

Altars:
Ashenzari
Dithmenos
Fedhas
Gozag
Makhleb
Okawaru
Qazlal
Ru
Sif Muna
Trog
Uskayaw
Vehumet
Wu Jian
Xom
The Shining One

Annotations:
D:2 Sigmund, Terence


Innate Abilities, Weirdness & Mutations

You are very small and have problems with some larger weapons.
You are too small for most types of armour.
You have supernaturally acute eyesight. (SInv)
You cover ground extremely quickly. (Speed+++)


Message History

Press: ? - help, Q - select action, (/) - cycle Shift-Dir - straight line, f - adder
Aim: an adder (heavily wounded, 70% to hit)
The searing ray hits the adder!
You kill the adder! (Press . to maintain the ray.)
You start resting.
Magic restored.
You see here an adder corpse.
Found a stone staircase leading up.
There is a stone staircase leading up here.
You climb upwards.
There is a stone staircase leading down here.
Found 7 gold pieces.
A steam dragon comes into view.
Found a slimy war axe.
Found a scroll labelled LURPHU BISUY.
Found a scroll labelled QYITSA KOWACIH.
The steam dragon hisses angrily.
Aiming: Searing Ray (safe; 1% risk of failure)
Press: ? - help, Q - select action, (/) - cycle Shift-Dir - straight line, f - steam dragon
Aim: a steam dragon (82% to hit)
The searing ray hits the steam dragon.
The steam dragon is lightly wounded. (Press . to maintain the ray.)
The steam dragon breathes steam at you. The ball of steam hits you!
Found 11 gold pieces.
Aiming: Searing Ray (safe; 1% risk of failure)
Press: ? - help, Q - select action, (/) - cycle Shift-Dir - straight line, f - you, p - steam dragon
Okay, then.
Aiming: Magic Dart (safe; 1% risk of failure)
Press: ? - help, Q - select action, (/) - cycle Shift-Dir - straight line, f/p - steam dragon
Aim: a steam dragon (lightly wounded, 100% to hit)
The magic dart hits the steam dragon.
The steam dragon is moderately wounded.
The steam dragon breathes steam at you. The ball of steam hits you!
* * * LOW HITPOINT WARNING * * *
You are engulfed in a cloud of scalding steam.
You die...

####....######
..........D§§>#
.####....####D#
#......## #.#
#......# #.#
#......# #§#
#...#### #§#
#... #§# #..
#@# #.......#
#...$...#
#.......#
#.......#
.........#
##########


There were no monsters in sight!

Vanquished Creatures
  A water moccasin (D:4)
  A black bear (D:4)
  2 ice beasts
  A phantom (D:4)
  A howler monkey (D:4)
  3 jellies (Sewer)
  2 iguanas
  Ijyb (D:4)
  9 adders
  A river rat (Sewer)
  6 worms
  4 dart slugs
  8 orcs
  5 bats
  20 endoplasms
  7 giant cockroaches
  6 goblins
  7 hobgoblins
  3 jackals (D:3)
  3 quokkas
  15 ball pythons
  A frilled lizard (D:1)
  7 kobolds
  12 rats
126 creatures vanquished.

Vanquished Creatures (others)
  An orc (D:6)
  A quokka (D:6)
  4 fungi (D:1)
  3 plants (D:1)
9 creatures vanquished.

Grand Total: 135 creatures vanquished

Notes
Turn   | Place    | Note
-------+----------+-------------------------------------------
     0 | D:1      | LynnLen the Spriggan Conjurer began the quest for the Orb.
     0 | D:1      | Reached XP level 1. HP: 9/9 MP: 5/5
     0 | D:1      | Upgraded the game from 0.29.0-7-g18a832c13a to
                  | 0.29.0-11-gd7f09526c8
   260 | D:1      | Reached skill level 3 in Spellcasting
   335 | D:1      | Reached XP level 2. HP: 13/13 MP: 0/7
   629 | D:1      | Found a faded altar of an unknown god.
  1304 | D:1      | Reached XP level 3. HP: 10/16 MP: 0/9
  1432 | D:1      | Learned a level 2 spell: Searing Ray
  1546 | D:2      | Identified the +8 hand axe of Cheese {holy, rElec}
  1810 | D:2      | Reached skill level 4 in Spellcasting
  2169 | D:2      | Noticed Terence
  2169 | D:2      | Noticed Sigmund
  2372 | D:3      | Found a radiant altar of Vehumet.
  2469 | D:3      | Reached XP level 4. HP: 21/21 MP: 3/11
  2551 | D:3      | Found the +4 robe of Augmentation {Str+4 Int+4 Dex+4}
  3022 | D:3      | Identified the +8 dagger of Valuable Assets {vorpal, Contam
                  | rElec rPois rCorr}
  3504 | D:4      | Reached XP level 5. HP: 24/24 MP: 5/13
  3517 | D:4      | Reached skill level 5 in Spellcasting
  3635 | D:4      | Found a glowing drain.
  3647 | Sewer    | Entered a sewer
  4203 | Sewer    | Reached XP level 6. HP: 28/28 MP: 10/15
  4299 | Sewer    | Found a viscous altar of Jiyva.
  4311 | Sewer    | Reached skill level 6 in Spellcasting
  4846 | D:4      | Found a staircase to the Ecumenical Temple.
  4865 | Temple   | Entered the Ecumenical Temple
  4991 | D:4      | Noticed a water moccasin
  5058 | D:4      | Killed a water moccasin
  5079 | D:4      | Learned a level 4 spell: Fulminant Prism
  5382 | D:4      | Noticed Ijyb
  5398 | D:4      | Killed Ijyb
  5556 | D:4      | Reached skill level 5 in Conjurations
  5556 | D:4      | Reached skill level 1 in Hexes
  5556 | D:4      | Reached XP level 7. HP: 30/32 MP: 11/18
  5731 | D:4      | Reached skill level 7 in Spellcasting
  6336 | D:4      | You fall into a shaft and drop 3 floors!
  6608 | D:5      | Entered Level 5 of the Dungeon
  6795 | D:5      | Noticed a steam dragon
  6811 | D:5      | Engulfed by a steam dragon's steam

Illustrated notes

Levels and vault maps discovered:
D:1:      dpeg_arrival_long_road, layout_basic, dreamdust_ecumenical_altar_grove
D:2:      layout_loops_ring, uniq_terence, uniq_sigmund
D:3:      layout_loops_ring, nicolae_vehumet_radiance
D:4:      layout_basic, minmay_temple_entry_large_hall,
          lightli_sewer_entry_pipes, kennysheep_opposing_triangles, uniq_ijyb
D:5:      layout_basic, eino_tiny_chamber, uniq_crazy_yiuf_cottage
D:6:      layout_basic, elyvilon_altar_4
D:7:      layout_basic, mainiacjoe_overflow_24_doors,
          lemuel_zombie_altar_yredelemnul
Temple:   nicolae_temple_ecumenical_triangle

Skill      XL: |  1  2  3  4  5  6  7 |
---------------+----------------------+-----
Conjurations   | 3 4 5 |  5.4
Spellcasting   | 3 4 5 6 7 |  7.5
Hexes          | 1 3 |  3.3
Dodging        | |  2.6
Stealth        | |  3.0

Action                   |  1- 3 |  4- 6 |  7- 9 || total
-------------------------+-------+-------+-------++-------
Melee: Dagger            |     6 |     7 |       ||    13
 Cast: Magic Dart        |    98 |   119 |    19 ||   236
       Searing Ray       |     3 |    29 |    14 ||    46
  Use: Scroll            |       |     4 |     1 ||     5
       Potion            |       |     2 |       ||     2
Armor: Robe              |     3 |     2 |     2 ||     7
Dodge: Dodged            |    19 |    23 |     6 ||    48
Block: Other             |       |     8 |     1 ||     9
